 Dungeon Crawl Stone Soup version 0.31-a0-18-gea43df2a32 (webtiles) character file.

Game seed: 6521016565030461788

69 demibob the Poker (level 4, -4/35 HPs)
             Began as a Demonspawn Chaos Knight on May 9, 2023.
             Was a Plaything of Xom.
             Slain by a gnoll
             ... wielding a +0 halberd
              (12 damage)
             ... on level 3 of the Dungeon.
             The game lasted 00:02:34 (1349 turns).

demibob the Poker (Demonspawn Chaos Knight)         Turns: 1349, Time: 00:02:36

Health: -4/35      AC:  7    Str: 14    XL:     4   Next: 2%
Magic:  4/4        EV: 11    Int: 14    God:    Xom [..*...]
Gold:   133        SH:  0    Dex: 12    Spells: 3/3 levels left

rFire   . . .        a - +5 lajatang (elec)
rCold   . . .        (shield currently unavailable)
rNeg    . . .        b - +2 leather armour
rPois   +            m - +2 hat
rElec   .            (no cloak)
rCorr   .            (no gloves)
SInv    .            (no boots)
Will    .....        (no amulet)
Stlth   +            L - ring of flight
HPRegen 0.25/turn    P - ring of poison resistance
MPRegen 0.09/turn

%: no passive effects
@: flying
A: foul stench 1, demonic touch 1
a: Renounce Religion


You were on level 3 of the Dungeon.
You worshipped Xom.
You were a toy of Xom.
You visited 1 branch of the dungeon, and saw 3 of its levels.

You collected 133 gold pieces.


Innate Abilities, Weirdness & Mutations

You may rarely emit foul miasma when damaged in melee.
Your touch may inflict minor irresistible damage on your foes.


   Skills:
 - Level 3.0 Fighting
 - Level 3.8(4.1) Polearms
 + Level 2.0(3.2) Staves
 - Level 1.7 Armour
 - Level 0.8 Dodging


You had 3 spell levels left.
You didn't know any spells.
Your spell library contained the following spells:

 Spells                   Type           Power      Damage    Failure   Level
 Kiss of Death            Conj/Necr      0%         2d5       34%         1
 Confusing Touch          Hex            0%         N/A       71%         3
 Dispel Undead            Necr           0%         3d6       98%         4

Inventory:

Hand Weapons
 a - a +5 lajatang of electrocution (weapon)
 d - a +0 spear of chaos
Armour
 b - a +2 leather armour (worn)
 m - a +2 hat (worn)
Jewellery
 L - a ring of flight (left hand)
 N - a ring of positive energy
 P - a ring of poison resistance (right hand)
Scrolls
 g - 2 scrolls of teleportation {@r2}
 k - a scroll of identify {@r1}
Potions
 e - a potion of heal wounds {unknown}
 f - a potion of magic
 h - a potion of curing {unknown}
 i - a potion of might {unknown}
 j - 2 potions of degeneration {unknown}
Miscellaneous
 c - a piece from Xom's chessboard (15/15) (quivered)

Dungeon Overview and Level Annotations

Branches:
Dungeon (3/15)

Altars:

#.#######
#......############
#?##.........#
#.##.#######.#
#@##.## #.# #.gg..#
#.#####
#####).######......
#g.g..........###.#
#.........###.#.###.#
#.#g##...............
# #. ##.(.###.....>..
. #...# #######.# .#
#...# #.#


You could see 2 gnolls.


Message History

A gnoll comes into view. It is wielding a +0 club.
You see here a throwing net {=f}.
You struggle against the net.
A gnoll comes into view. It is wielding a +0 halberd.
You struggle against the net.
You struggle against the net.
A gnoll comes into view. It is wielding a +0 spear.
You rip the net and break free!
The gnoll throws a throwing net.
The throwing net barely misses you. The gnoll closely misses you.
The gnoll closely misses you. The gnoll attacks as you move away!
The gnoll hits you with a +0 flail!
You hit the gnoll. Lightning courses through the gnoll!!
You kill the gnoll!
Your base Staves skill increases to level 2!
You have reached level 4!
You feel clever.
Your demonic ancestry asserts itself...
You begin to emit a foul stench of rot and decay.
Found a scroll labelled XAIKIUDGHICZA.
Okay, then.
You see here a scroll labelled XAIKIUDGHICZA.
The gnoll closely misses you. The gnoll hits you with a +0 halberd.
The gnoll hits you but does no damage.
You barely miss the gnoll. The gnoll completely misses you.
The gnoll hits you from afar with a +0 spear.
The gnoll hits you with a +0 halberd!
* * * LOW HITPOINT WARNING * * *
The gnoll hits you but does no damage.
You barely miss the gnoll. The gnoll hits you with a +0 halberd!
You die...
Xom chuckles heartily!

Skill      XL: |  1  2  3 |
---------------+----------+-----
Polearms       | 3 |  3.8
Staves         | 2 |  2.0
Fighting       | |  3.0
Armour         | |  1.7
Dodging        | |  0.8

Action                     |  1- 3 |  4- 6 || total
---------------------------+-------+-------++-------
  Melee: Spear             |    43 |       ||    43
         Lajatang          |    32 |     2 ||    34
         Touch             |     2 |       ||     2
    Use: Scroll            |     5 |       ||     5
 Armour: Leather armour    |    23 |     2 ||    25
  Dodge: Dodged            |    32 |     2 ||    34

Levels and vault maps discovered:
D:1:      elethiomel_arrival_quiet, layout_basic
D:2:      layout_basic
D:3:      layout_loops_ring, okawaru_altar_gauntlet_db,
          shapermc_ecumenical_altar_pompeii

Notes
Turn   | Place    | Note
-------+----------+-------------------------------------------
     0 | D:1      | demibob the Demonspawn Chaos Knight began the quest for the
                  | Orb.
     0 | D:1      | Reached XP level 1. HP: 18/18 MP: 1/1
    41 | D:1      | Reached skill level 3 in Polearms
    79 | D:1      | Gained mutation: Your touch may inflict minor irresistible
                  | damage on your foes. [demonic ancestry]
    79 | D:1      | Reached XP level 2. HP: 24/24 MP: 2/2
   524 | D:1      | Identified a scroll of acquirement
   524 | D:1      | Acquired a +4 lajatang of electrocution
   580 | D:2      | Reached XP level 3. HP: 29/29 MP: 3/3
   604 | D:2      | Reached skill level 1 in Staves
   614 | D:2      | XOM: cast spell 'Leda's Liquefaction'
  1342 | D:3      | Reached skill level 2 in Staves
  1342 | D:3      | Gained mutation: You may rarely emit foul miasma when
                  | damaged in melee. [demonic ancestry]
  1342 | D:3      | Reached XP level 4. HP: 27/35 MP: 4/4
  1349 | D:3      | Slain by a gnoll

Vanquished Creatures
  A gnoll (D:3)
  An adder (D:2)
  2 worms (D:2)
  A dart slug (D:1)
  An orc (D:3)
  3 ball pythons (D:1)
  5 bats
  4 endoplasms
  2 giant cockroaches (D:2)
  3 goblins
  2 hobgoblins
  4 jackals (D:1)
  4 kobolds
  3 frilled lizards (D:1)
  4 rats
40 creatures vanquished.

Table legend: (Time is in decaauts)
 A = Elapsed time spent in this place.
 B = Non-inter-level travel time spent in this place.
 C = Inter-level travel time spent in this place.
 D = Time resting spent in this place.
 E = Time spent auto-exploring this place.
 F = Levels seen in this place.
 G = Mean time per level.
                   A        B        C        D        E       F      G
               +--------+--------+--------+--------+--------+-----+--------+
         Total |   1355 |   1324 |     31 |      0 |   1067 |   3 |  451.7 |
       Dungeon |   1355 |   1324 |     31 |      0 |   1067 |   3 |  451.7 |
               +--------+--------+--------+--------+--------+-----+--------+

Top non-repeatable levels by time:
     D:2: 656 daAuts
     D:1: 540 daAuts
     D:3: 158 daAuts

Table legend:
 A = Non-vault XP
 B = Vault XP
 C = Vault XP percentage of total XP
 D = Non-vault monster count
 E = Vault monster count
 F = Vault count percentage of total count
                 A         B        C        D         E       F
            +---------+---------+-------+---------+---------+-------
      Total |      99 |       0 |   0.0 |      40 |       0 |   0.0
            +---------+---------+-------+---------+---------+-------
        D:1 |      38 |       0 |   0.0 |      21 |       0 |   0.0
        D:2 |      38 |       0 |   0.0 |      13 |       0 |   0.0
        D:3 |      23 |       0 |   0.0 |       6 |       0 |   0.0
            +---------+---------+-------+---------+---------+-------
